 Dungeon Crawl Stone Soup version 0.28-a0-1152-g9c71ebef14 (webtiles) character file.

Game seed: 13962767182271874092

155466 tsouns the Black Belt (level 17, -2/126 HPs)
             Began as a Demonspawn Transmuter on Dec 14, 2021.
             Was the Champion of Makhleb.
             Killed from afar by a salamander mystic (15 damage)
             ... with a bolt of magma
             ... on level 2 of the Snake Pit.
             The game lasted 01:29:22 (25560 turns).

tsouns the Black Belt (Demonspawn Transmuter)      Turns: 25560, Time: 01:29:23

Health: -2/126     AC: 18    Str: 17    XL:     17   Next: 8%
Magic:  29/29      EV: 12    Int: 20    God:    Makhleb [******]
Gold:   23         SH:  0    Dex: 17    Spells: 9/32 levels left

rFire   . . .      SeeInvis .     - Unarmed
rCold   + + +      Faith    .   (no shield)
rNeg    . . .      Spirit   .   W - +0 acid dragon scales
rPois   +          Reflect  .   r - +1 helmet
rElec   +          Harm     .   e - +2 cloak {rPois}
rCorr   +          Rampage  +   u - +0 pair of gloves
Will    +....                   d - +2 pair of boots {Fly}
Stlth   ++........              i - amulet "Ucuzoc" {Rampage rC+ Regen+ Dex-5 Stlth+}
HPRegen 1.11/turn               g - +6 ring of dexterity
MPRegen 0.21/turn               s - ring "Dumuad" {rElec rPois rC+ Str+2}

@: flying
A: icemail 2, big brain 2, condensation shield, demonic magic 3, weakness
stinger 2, cold resistance 1, MP-powered wands
a: Renounce Religion, Minor Destruction, Lesser Servant of Makhleb, Major
Destruction, Greater Servant of Makhleb


You were on level 2 of the Snake Pit.
You worshipped Makhleb.
Makhleb was exalted by your worship.
You visited 5 branches of the dungeon, and saw 24 of its levels.
You also visited: Ossuary, Ice Cave and Volcano.

You collected 3483 gold pieces.
You spent 3460 gold pieces at shops.

Inventory:

Missiles
 j - 13 javelins (quivered)
 A - 5 curare-tipped darts
 O - a throwing net
Armour
 d - a +2 pair of boots of flying (worn)
 e - a +2 cloak of poison resistance (worn)
 r - a +1 helmet (worn)
 u - a +0 pair of gloves (worn)
 L - a scarf of invisibility
 R - a +2 robe of fire resistance
 W - +0 acid dragon scales (worn)
Jewellery
 g - a +6 ring of dexterity (left hand)
 i - the amulet "Ucuzoc" (around neck) {Rampage rC+ Regen+ Dex-5 Stlth+}
   (You acquired it on level 4 of the Dungeon)

   [amulet of regeneration]

   Dex:       It affects your dexterity (-5).
   rC:        It protects you from cold.
   Regen:     It increases your rate of health regeneration.
   Rampage:   It bestows one free step when moving towards enemies.
   Stlth:     It makes you more stealthy.
 s - the ring "Dumuad" (right hand) {rElec rPois rC+ Str+2}
   (You acquired it on level 2 of the Orcish Mines)

   [ring of poison resistance]

   Str:       It affects your strength (+2).
   rC:        It protects you from cold.
   rElec:     It insulates you from electricity.
   rPois:     It protects you from poison.
 S - the ring "Onytylas" {rF- AC+4 Str+4 Int+2}
   (You found it in an ice cave)

   [ring of protection]

   AC:        It affects your AC (+4).
   Str:       It affects your strength (+4).
   Int:       It affects your intelligence (+2).
   rF:        It makes you vulnerable to fire.
Wands
 f - a wand of flame (5)
 q - a wand of acid (25)
 t - a wand of polymorph (19)
 v - a wand of iceblast (5)
 I - a wand of mindburst (4)
Scrolls
 a - 2 scrolls of enchant armour
 c - a scroll of immolation
 h - 5 scrolls of identify
 m - 11 scrolls of teleportation
 y - 3 scrolls of fear
 E - 6 scrolls of amnesia
 F - 3 scrolls of vulnerability
 H - a scroll of enchant weapon
 N - 3 scrolls of fog
Potions
 b - 2 potions of cancellation
 k - 8 potions of curing
 l - 2 potions of might
 n - 6 potions of lignification
 o - 2 potions of resistance
 p - 6 potions of haste
 w - 3 potions of mutation
 z - 2 potions of berserk rage
 D - a potion of invisibility
 G - a potion of magic
 K - 2 potions of ambrosia
 M - 2 potions of brilliance
 Q - 3 potions of flight
Miscellaneous
 x - a phantom mirror


   Skills:
 - Level 9.3 Fighting
 - Level 7.1 Armour
 - Level 1.7 Dodging
 + Level 17.3 Unarmed Combat
 - Level 8.1 Spellcasting
 * Level 12.9 Transmutations
 - Level 5.5 Ice Magic
 - Level 13.7 Invocations


You had 9 spell levels left.
You knew the following spells:

 Your Spells              Type           Power      Damage    Failure   Level
a - Beastly Appendage     Tmut           100%       N/A       1%          1
b - Wereblood             Tmut           56%        N/A       1%          2
c - Spider Form           Tmut/Pois      33%        N/A       2%          3
d - Ice Form              Ice/Tmut       45%        N/A       2%          4
e - Summon Small Mammal   Summ           32%        N/A       11%         1
f - Blade Hands           Tmut           28%        N/A       1%          5
g - Dragon Form           Tmut           28%        N/A       41%         7

Your spell library contained the following spells:

 Spells                   Type           Power      Damage    Failure   Level
 Ignite Poison            Fire/Tmut/Pois 25%        N/A       5%          3
 Irradiate                Conj/Tmut      16%        3d19      22%         5
 Call Canine Familiar     Summ           8%         N/A       32%         3
 Conjure Flame            Conj/Fire      8%         6-21      32%         3
 Gell's Gravitas          Tloc           8%         N/A       32%         3
 Lesser Beckoning         Tloc           8%         N/A       32%         3
 Mephitic Cloud           Conj/Pois/Air  8%         N/A       32%         3
 Portal Projectile        Hex/Tloc       16%        N/A       32%         3
 Summon Guardian Golem    Hex/Summ       8%         N/A       32%         3
 Teleport Other           Tloc           8%         N/A       32%         3
 Cause Fear               Hex            4%         N/A       71%         4
 Sticky Flame             Conj/Fire      8%         2d3       71%         4
 Freezing Cloud           Conj/Ice/Air   7%         6-21      80%         5
 Excruciating Wounds      Necr           4%         N/A       96%         5
 Summon Forest            Summ/Tloc      4%         N/A       96%         5
 Summon Mana Viper        Hex/Summ       8%         N/A       96%         5
 Dispersal                Tloc           4%         N/A       100%        6
 Summon Cactus Giant      Summ           4%         N/A       100%        6
 Dragon's Call            Summ           4%         N/A       100%        9


Dungeon Overview and Level Annotations

Branches:
Dungeon (13/15)            Temple (1/1) D:6            Lair (6/6) D:11
  Swamp (0/4) Lair:4        Snake (2/4) Lair:4        Slime (0/5) Lair:5
    Orc (2/2) D:12            Elf (0/3) Orc:2       Ossuary (visited)
  IceCv (visited)         Volcano (visited)
 Vaults: D:13-14

Altars:
Ashenzari
Cheibriados
Dithmenos
Elyvilon
Fedhas
Gozag
Hepliaklqana
Kikubaaqudgha
Makhleb
Nemelex Xobeh
Okawaru
Qazlal
Ru
Sif Muna
Trog
Uskayaw
Vehumet
Wu Jian
Xom
Yredelemnul
Zin
The Shining One
Beogh
Jiyva

Shops:
D:7 [*   D:12 ?*(   Orc:1 :[   Orc:2 [(=**   Snake:1 !

Portals:
Hell: Lair:6

Annotations:
D:4 3 runed translucent doors, MisterT's ghost, novice HOMo
D:12 1 runed translucent door, Cishun's ghost, journeyman DsFi
D:13 Erolcha
Lair:5 1 runed translucent door


Innate Abilities, Weirdness & Mutations

A meltable icy envelope protects you from harm. (AC +0)
You have an extremely huge brain. (Int +4)
A meltable shield of frost defends you. (SH +0)
Spells you cast and wands you use may paralyse nearby enemies.
You have a tail ending in a sharp stinger.
Your flesh is cold resistant. (rC+)
You expend magic power (3 MP) to strengthen your wands.


Message History

You rampage towards the salamander mystic!
You slash the salamander mystic! You tail-slap the salamander mystic.
The salamander mystic is moderately wounded.
Your hands revert to their normal proportions.
Your +0 pair of gloves unmelds from your body.
Your orange demon misses the naga warrior.
Your orange demon hits the naga warrior.
Your neqoxec hits the naga warrior!
The salamander mystic hits you with a +1 spectral quarterstaff.
You are engulfed in flames!
* * * LOW HITPOINT WARNING * * *
You punch the salamander mystic!
The salamander mystic is heavily wounded.
You punch the salamander mystic!
Your tail-slap misses the salamander mystic.
The salamander mystic is severely wounded.
Your orange demon stings the naga warrior!
The naga warrior dies!
Makhleb accepts your kill.
The salamander mystic barely misses you.
You punch the salamander mystic!
The salamander mystic is almost dead.
Your neqoxec hits the salamander mystic but does no damage.
Your orange demon stings the salamander.
Your orange demon hits the salamander but does no damage.
The salamander hits your neqoxec with a +0 halberd!
Your neqoxec is engulfed in flames!
The salamander mystic hits you with a +1 spectral quarterstaff!
* * * LOW HITPOINT WARNING * * *
You are engulfed in flames!
* * * LOW HITPOINT WARNING * * *
You feel better.
The salamander hits your neqoxec with a +0 halberd!!
Your neqoxec dies!
Your neqoxec disappears in a puff of smoke!
Your orange demon stings the salamander but does no damage.
Your orange demon hits the salamander but does no damage.
The salamander mystic points at you and mumbles some strange words.
The bolt of magma hits you!
You die...

#...............##..
#...............##..
#...............##..
#...............##..
#.4...#...#...####..
#.)N..#..##...####..
#.)§.....##.........
#..N.....##.........
#..@÷....##.........
#....###############
#....###############
#...................
#...................
#...................
#....###############
#...## #...#


You could see a salamander mystic (strong, ally target), a salamander (fast,
strong) and a friendly orange demon (summoned, very poisoned).

Vanquished Creatures
  Jorgrun (Orc:1)
  Donald (Orc:2)
  An orc warlord (Orc:2)
  Snorg (Lair:3)
  Josephine (D:10)
  5 naga warriors (Snake:1)
  2 boulder beetles
  An ice dragon (IceCv)
  13 hydras
  An anaconda (Snake:1)
  A catoblepas (Lair:2)
  15 death yaks
  Urug (D:12)
  6 two-headed ogres
  3 orc high priests
  4 shock serpents
  A sun demon (Lair:6)
  A naga sharpshooter (Snake:2)
  A hell knight (Volcano)
  3 salamander mystics
  A fire crab (Lair:6)
  4 orc knights
  A lindwurm (Lair:4)
  A wizard (Lair:6)
  Pikel (D:8)
  2 deep elf pyromancers (D:12)
  5 mana vipers
  A manticore (D:12)
  5 orc sorcerers
  An ugly thing (D:13)
  8 salamanders
  12 elephants (Lair:6)
  A guardian serpent (Snake:1)
  Joseph (D:8)
  Maurice (D:8)
  9 cane toads
  18 black mambas
  A torpor snail (Lair:3)
  2 ice statues (IceCv)
  9 naga magi (Snake:1)
  Psyche (D:8)
  8 rime drakes
  Maggie (D:8)
  2 unseen horrors
  10 komodo dragons
  5 ice devils
  A hellwing (Lair:6)
  2 red devils (Lair:6)
  10 trolls
  6 polar bears
  Grinder (D:5)
  A hornet (D:8)
  28 blink frogs
  15 dream sheep
  A vampire (D:11)
  5 wyverns
  23 yaks
  2 shadows
  5 wraiths
  3 basilisks
  2 steam dragons
  7 vampire mosquitoes
  8 wargs
  17 nagas
  2 acid dragons
  4 hell hounds (Lair:6)
  18 water moccasins
  30 orc warriors
  4 black bears
  A necrophage (D:7)
  An ice beast (D:8)
  2 sky beasts
  5 ogres
  5 wolves (Lair:5)
  4 centaurs
  A phantom (D:6)
  A kobold brigand (D:8)
  19 bullfrogs
  3 scorpions
  4 water moccasin zombies
  A wyvern zombie (D:5)
  An elf skeleton (D:8)
  Dowan (D:4)
  A wyvern skeleton (D:4)
  7 killer bees
  2 lindwurm simulacra (IceCv)
  32 wights
  6 electric eels (D:6)
  3 howler monkeys (D:13)
  5 centaur zombies
  8 komodo dragon simulacra (IceCv)
  A hound (D:6)
  4 jellies
  A bullfrog skeleton (D:7)
  2 gnoll shamans
  4 human skeletons (D:8)
  22 orc priests
  2 centaur skeletons
  Natasha (thrice) (D:3)
  5 iguanas
  25 orc wizards
  10 hell rats
  2 mummies (Ossuary)
  Robin (D:3)
  2 howler monkey skeletons
  19 gnolls
  5 acid dragon simulacra (IceCv)
  8 adders
  A white imp (D:7)
  6 steam dragon simulacra (IceCv)
  An adder skeleton (D:4)
  2 adder zombies (Ossuary)
  3 worms
  A dart slug (D:3)
  93 orcs
  7 endoplasms
  3 giant cockroaches (D:1)
  8 gnoll zombies (Ossuary)
  11 goblins
  9 hobgoblins
  3 jackals (D:3)
  3 quokkas
  8 ball pythons
  5 bats
  2 frilled lizards (D:1)
  4 hobgoblin zombies (Ossuary)
  9 kobolds
  3 kobold zombies (Ossuary)
  An orc skeleton (D:8)
  3 orc zombies (Ossuary)
  6 rats
790 creatures vanquished.

Vanquished Creatures (collateral kills)
  A naga warrior (Snake:2)
  A salamander (Snake:2)
  A basilisk (Lair:5)
3 creatures vanquished.

Vanquished Creatures (others)
  A gnoll shaman (Orc:2)
  An orc (Orc:1)
  30 fungi
  43 plants
  2 withered plants (D:12)
77 creatures vanquished.

Grand Total: 870 creatures vanquished

Notes
Turn   | Place    | Note
-------+----------+-------------------------------------------
     0 | D:1      | tsouns the Demonspawn Transmuter began the quest for the
                  | Orb.
     0 | D:1      | Reached XP level 1. HP: 15/15 MP: 3/3
   463 | D:1      | Reached skill level 3 in Unarmed Combat
   573 | D:1      | Gained mutation: A meltable shield of frost defends you.
                  | (SH +0) [demonic ancestry]
   573 | D:1      | Reached XP level 2. HP: 21/21 MP: 5/5
  1023 | D:1      | Gained mutation: A meltable icy envelope protects you from
                  | harm. (AC +0) [demonic ancestry]
  1023 | D:1      | Reached XP level 3. HP: 17/27 MP: 6/6
  1912 | D:2      | Reached skill level 4 in Unarmed Combat
  1912 | D:2      | Reached XP level 4. HP: 33/33 MP: 5/7
  2290 | D:3      | Noticed a scorpion
  2301 | D:3      | Killed a scorpion
  2398 | D:3      | Reached XP level 5. HP: 40/40 MP: 8/8
  2863 | D:3      | Noticed Natasha
  2875 | D:3      | Killed Natasha
  3053 | D:3      | Noticed Robin
  3085 | D:3      | Killed Robin
  3402 | D:3      | Reached skill level 5 in Unarmed Combat
  3413 | D:3      | Noticed Natasha
  3425 | D:3      | Killed Natasha
  3726 | D:3      | Noticed Natasha
  3739 | D:3      | Killed Natasha
  3912 | D:4      | Found a runed translucent gate.
  3915 | D:4      | Found a runed translucent gate.
  3915 | D:4      | Found a runed translucent gate.
  3916 | D:4      | Found an opulent altar of Gozag.
  3917 | D:4      | Noticed MisterT's ghost (novice HOMo)
  3982 | D:4      | Reached XP level 6. HP: 47/47 MP: 9/9
  4285 | D:4      | Learned a level 2 spell: Wereblood
  4289 | D:4      | Learned a level 3 spell: Spider Form
  4414 | D:4      | Noticed Dowan
  4440 | D:4      | Killed Dowan
  4497 | D:4      | Identified a scroll of acquirement
  4497 | D:4      | Acquired a +2 cloak of poison resistance
  4595 | D:4      | Acquired the amulet "Ucuzoc" {Rampage rC+ Regen+ Dex-5
                  | Stlth+}
  5076 | D:5      | Entered Level 5 of the Dungeon
  5104 | D:5      | Reached skill level 6 in Unarmed Combat
  5104 | D:5      | Gained mutation: Spells you cast may paralyse adjacent
                  | enemies. [demonic ancestry]
  5104 | D:5      | Reached XP level 7. HP: 54/54 MP: 8/10
  5133 | D:5      | Noticed Grinder
  5134 | D:5      | Paralysed by Grinder for 5 turns
  5147 | D:5      | Paralysed by Grinder for 3 turns
  5286 | D:5      | Paralysed by Grinder for 7 turns
  5287 | D:5      | Killed Grinder
  5335 | D:5      | Reached skill level 7 in Unarmed Combat
  5335 | D:5      | Reached XP level 8. HP: 53/61 MP: 7/11
  5355 | D:5      | Reached skill level 5 in Fighting
  5457 | D:5      | Found a broken altar of Ashenzari.
  5502 | D:5      | Found an opulent altar of Gozag.
  5969 | D:6      | Reached skill level 8 in Unarmed Combat
  6080 | D:6      | Found a staircase to the Ecumenical Temple.
  6092 | Temple   | Entered the Ecumenical Temple
  6385 | Temple   | Became a worshipper of Makhleb the Destroyer
  6429 | Temple   | Gained mutation: You have an unusually large brain. (Int
                  | +2) [demonic ancestry]
  6429 | Temple   | Reached XP level 9. HP: 69/69 MP: 10/12
  6505 | D:6      | Reached skill level 5 in Transmutations
  6747 | D:6      | Reached skill level 9 in Unarmed Combat
  7677 | D:7      | Reached * piety under Makhleb
  7725 | D:7      | Found Bucootz's Armour Emporium.
  7793 | D:7      | Reached skill level 10 in Unarmed Combat
  7893 | D:7      | Found Gaurowul's Serpentskin Sales.
  7921 | D:7      | Bought 3 curare-tipped darts for 23 gold pieces
  7921 | D:7      | Bought 2 curare-tipped darts for 15 gold pieces
  7999 | D:7      | Gained mutation: You have an extremely huge brain. (Int +4)
                  | [demonic ancestry]
  7999 | D:7      | Reached XP level 10. HP: 46/79 MP: 13/13
  8067 | D:7      | Found a basalt altar of Yredelemnul.
  8505 | D:7      | Learned a level 4 spell: Ice Form
  8507 | D:7      | Learned a level 1 spell: Summon Small Mammal
  8555 | D:8      | Noticed Maurice
  8574 | D:8      | Noticed Joseph
  8582 | D:8      | Reached ** piety under Makhleb
  8716 | D:8      | Killed Joseph
  8727 | D:8      | Killed Maurice
  8748 | D:8      | Found a sand-covered staircase.
  8761 | Ossuary  | Entered an ossuary
  8928 | Ossuary  | Gained mutation: You are occasionally teleported next to
                  | monsters. [potion of mutation]
  8928 | Ossuary  | Gained mutation: You are partially covered in large bone
                  | plates. (SH +4) [potion of mutation]
  8950 | Ossuary  | Lost mutation: You are occasionally teleported next to
                  | monsters. [potion of mutation]
  8950 | Ossuary  | Lost mutation: You are partially covered in large bone
                  | plates. (SH +4) [potion of mutation]
  8950 | Ossuary  | Gained mutation: You expend magic power (3 MP) to
                  | strengthen your wands. [potion of mutation]
  8950 | Ossuary  | Gained mutation: Your flesh is cold resistant. (rC+)
                  | [potion of mutation]
  9118 | D:8      | Reached *** piety under Makhleb
  9169 | D:8      | Noticed Maggie
  9192 | D:8      | Killed Maggie
  9193 | D:8      | Reached skill level 11 in Unarmed Combat
  9278 | D:8      | Noticed Pikel
  9288 | D:8      | Killed Pikel
  9289 | D:8      | Reached skill level 1 in Armour
  9350 | D:8      | Noticed Psyche
  9363 | D:8      | Killed Psyche
  9844 | D:9      | Reached XP level 11. HP: 43/71 MP: 15/17
 10113 | D:9      | Reached skill level 1 in Invocations
 10178 | D:9      | Reached **** piety under Makhleb
 10636 | D:10     | Entered Level 10 of the Dungeon
 10735 | D:10     | Noticed a two-headed ogre
 10759 | D:10     | Killed a two-headed ogre
 10760 | D:10     | Reached skill level 12 in Unarmed Combat
 10810 | D:10     | Noticed Josephine
 10847 | D:10     | Killed Josephine
 10848 | D:10     | Reached skill level 5 in Spellcasting
 10988 | D:10     | Learned a level 5 spell: Blade Hands
 10995 | D:10     | Found a blossoming altar of Fedhas.
 11063 | D:10     | Noticed a two-headed ogre
 11077 | D:10     | Killed a two-headed ogre
 11293 | D:10     | Noticed a two-headed ogre
 11299 | D:10     | Killed a two-headed ogre
 11305 | D:10     | Reached skill level 5 in Invocations
 11357 | D:10     | Noticed a two-headed ogre
 11363 | D:10     | Killed a two-headed ogre
 11409 | D:10     | You fall into a shaft and drop 3 floors!
 11409 | D:13     | Noticed Erolcha
 11409 | D:13     | Noticed a tengu warrior
 11423 | D:13     | Noticed a red ugly thing
 11434 | D:13     | Killed a red ugly thing
 11454 | D:13     | Noticed a boulder beetle
 11476 | D:13     | Killed a boulder beetle
 11610 | D:13     | Found a basalt altar of Yredelemnul.
 11655 | D:13     | Noticed a death knight
 11670 | D:12     | Found Ruriurr's Assorted Antiques.
 11680 | D:12     | Bought a potion of curing for 75 gold pieces
 11680 | D:12     | Bought a scroll of identify for 50 gold pieces
 11680 | D:12     | Bought a scroll of identify for 50 gold pieces
 11778 | D:12     | Found Nobus's Magic Scroll Boutique.
 11786 | D:12     | Bought a scroll of blinking for 120 gold pieces
 11786 | D:12     | Bought a scroll of identify for 32 gold pieces
 11786 | D:12     | Bought a scroll of identify for 32 gold pieces
 11798 | D:12     | Noticed a deep elf pyromancer
 11804 | D:12     | Killed a deep elf pyromancer
 11805 | D:12     | Gained mutation: You have a small tail. [demonic ancestry]
 11805 | D:12     | Reached XP level 12. HP: 94/94 MP: 14/20
 11815 | D:11     | Noticed a four-headed hydra
 11819 | D:11     | Reached skill level 13 in Unarmed Combat
 11841 | D:12     | Killed a four-headed hydra
 12030 | D:11     | Noticed a two-headed ogre
 12037 | D:11     | Killed a two-headed ogre
 12107 | D:11     | Noticed an eight-headed hydra
 12139 | D:11     | Killed an eight-headed hydra
 12435 | D:11     | Found a staircase to the Lair.
 12785 | Lair:1   | Entered Level 1 of the Lair of Beasts
 12848 | Lair:1   | Reached ***** piety under Makhleb
 12866 | Lair:1   | Found a frozen archway.
 12916 | IceCv    | Entered an ice cave
 13200 | IceCv    | Learned a level 7 spell: Dragon Form
 13231 | IceCv    | Noticed an ice dragon
 13258 | IceCv    | Killed an ice dragon
 13341 | IceCv    | Identified the ring "Onytylas" {rF- AC+4 Str+4 Int+2}
 13520 | Lair:1   | Reached skill level 14 in Unarmed Combat
 13864 | Lair:1   | Noticed an eight-headed hydra
 13870 | Lair:1   | Killed an eight-headed hydra
 14166 | Lair:1   | Acquired 1212 gold pieces
 14221 | Lair:2   | Noticed a catoblepas
 14228 | Lair:2   | Killed a catoblepas
 14229 | Lair:2   | Gained mutation: Spells you cast may paralyse nearby
                  | enemies. [demonic ancestry]
 14229 | Lair:2   | Reached XP level 13. HP: 98/99 MP: 17/23
 14421 | Lair:2   | Found a dark tunnel.
 14609 | Volcano  | Entered a volcano
 14638 | Volcano  | Found a bloodstained altar of Trog.
 15232 | Lair:3   | Noticed Snorg
 15240 | Lair:3   | Killed Snorg
 15640 | Lair:3   | Reached skill level 1 in Ice Magic
 16580 | Lair:4   | Found a staircase to the Snake Pit.
 16660 | Lair:4   | Reached skill level 10 in Invocations
 16665 | Lair:4   | Reached skill level 15 in Unarmed Combat
 16699 | Lair:4   | Found a staircase to the Swamp.
 16802 | Lair:4   | Reached skill level 5 in Armour
 17114 | Lair:4   | Gained mutation: You have a tail ending in a sharp stinger.
                  | [demonic ancestry]
 17114 | Lair:4   | Reached XP level 14. HP: 104/106 MP: 19/24
 17443 | Lair:4   | Reached ****** piety under Makhleb
 17559 | Lair:5   | Found a runed translucent door.
 17560 | Lair:5   | Found a viscous altar of Jiyva.
 17563 | Lair:5   | Found a staircase to the Slime Pits.
 17896 | Lair:5   | Noticed an acid blob
 18058 | Lair:5   | Reached skill level 10 in Transmutations
 18263 | Lair:6   | Entered Level 6 of the Lair of Beasts
 18861 | Lair:6   | Reached skill level 16 in Unarmed Combat
 19313 | Lair:6   | Reached skill level 5 in Ice Magic
 19528 | Lair:6   | Found a burning altar of Makhleb.
 19542 | Lair:6   | Gained mutation: A meltable icy envelope protects you from
                  | harm. (AC +0) [demonic ancestry]
 19542 | Lair:6   | Reached XP level 15. HP: 96/112 MP: 21/25
 19589 | Lair:6   | Found a gateway to Hell.
 20062 | D:12     | Found Tuiliali's Weapon Emporium.
 20202 | D:12     | Found a staircase to the Orcish Mines.
 20216 | D:12     | Noticed Urug
 20233 | D:12     | Killed Urug
 20286 | D:12     | Identified the ring "Zimopoyq" {Int+6 Dex+2}
 20501 | D:12     | Found a runed translucent door.
 20501 | D:12     | Noticed Cishun's ghost (journeyman DsFi)
 20753 | Orc:1    | Entered Level 1 of the Orcish Mines
 20925 | Orc:1    | Found Volym's Book Boutique.
 20925 | Orc:1    | Found Uraigelu's Antique Armour Shoppe.
 20988 | Orc:1    | Bought a pair of runed boots for 187 gold pieces
 21290 | Orc:1    | Found a burning altar of Makhleb.
 21675 | Orc:2    | Entered Level 2 of the Orcish Mines
 21675 | Orc:2    | Noticed Jorgrun
 21701 | Orc:1    | HP: 4/112 [constriction (7)]
 21707 | Orc:1    | Killed Jorgrun
 21983 | Orc:2    | Found Erykk's Overcharged Wands.
 22013 | Orc:2    | Bought a wand of acid (25) for 986 gold pieces
 22218 | Orc:2    | Noticed Donald
 22233 | Orc:2    | Killed Donald
 22306 | Orc:2    | Noticed an orc warlord
 22320 | Orc:2    | Killed an orc warlord
 22382 | Orc:2    | Reached skill level 17 in Unarmed Combat
 22497 | Orc:2    | Found a staircase to the Elven Halls.
 22691 | Orc:2    | Found Coreka's Assorted Antiques.
 22728 | Orc:2    | Bought a scroll of acquirement for 1040 gold pieces
 22728 | Orc:2    | Bought a polished helmet for 190 gold pieces
 22728 | Orc:2    | Identified the +0 helmet of the Elephant {Rampage *Slow
                  | rElec} (You bought it in a shop on level 2 of the Orcish
                  | Mines)
 22728 | Orc:2    | Bought a large jade ring for 100 gold pieces
 22728 | Orc:2    | Acquired the ring "Dumuad" {rElec rPois rC+ Str+2}
 22787 | Orc:2    | Found Tejowuilusch's Antique Armour Boutique.
 22795 | Orc:2    | Found Heegoej's Antique Weapon Shop.
 22939 | Orc:2    | Found Cetaed Atewe's Jewellery Boutique.
 23228 | Snake:1  | Entered Level 1 of the Snake Pit
 23301 | Snake:1  | Found Waiv's Distillery.
 23472 | Snake:1  | HP: 4/112 [constriction (3)]
 25038 | Snake:1  | Bought a potion of experience for 500 gold pieces
 25038 | Snake:1  | Bought 2 potions of curing for 60 gold pieces
 25038 | Snake:1  | Gained mutation: Spells you cast and wands you use may
                  | paralyse nearby enemies. [demonic ancestry]
 25038 | Snake:1  | Reached XP level 16. HP: 120/120 MP: 28/28
 25118 | Snake:2  | Reached XP level 17. HP: 126/126 MP: 29/29
 25559 | Snake:2  | HP: 3/126 [salamander mystic (15)]
 25560 | Snake:2  | Killed from afar by a salamander mystic

Illustrated notes

Levels and vault maps discovered:
D:1:      saegor_arrival_simple_d, layout_basic
D:2:      layout_loops_ring
D:3:      layout_loops_corners, grunt_decor_clamped, uniq_natasha, uniq_robin
D:4:      layout_basic, ebering_ghost_gozag, uniq_duvessa
D:5:      layout_cave_pools, mainiacjoe_overflow_brackets,
          cheibrodos_ashenzari_chains, uniq_grinder
D:6:      layout_basic, temple_green, serial_bayou, serial_bayou_crossing,
          serial_bayou_lake_a, serial_bayou_pond_d, serial_bayou_pond_d,
          hangedman_decor_push
D:7:      layout_loops_cross, mainiacjoe_overflow_paths, serial_shops,
          nicolae_shop_waterfront, guppyfry_shop_venom
D:8:      layout_loops_ring, nicolae_ossuary_entry_catacombs, uniq_maggie,
          uniq_maurice, uniq_joseph, uniq_pikel, uniq_psyche
D:9:      layout_basic
D:10:     layout_rooms, mainiacjoe_overflow_boulevard, uniq_josephine
D:11:     layout_irregular_city, due_lair_maze_entry_diamond,
          minmay_misc_feat_nine_boxes
D:12:     layout_roguey, david_orc_1_choice, gammafunk_ghost_grave,
          serial_shops, shop, shop, shop, uniq_urug
D:13:     layout_rooms, serial_bayou_pond_c, yredelemnul_altar_generic,
          uniq_erolcha
Temple:   hc_temple_tempest_star
Lair:1:   layout_small_grid, portal_ice_cave_demonic_guard
Lair:2:   layout_misc_corridors, enter_volcano_4, minmay_hedge_maze,
          cheibrodos_lair_caveside_slide
Lair:3:   layout_layer_cave, serial_bayou_shore_b, uniq_snorg
Lair:4:   layout_hall_layers, minmay_swamp_entry_swarm,
          guppyfry_snake_entry_garden, cheibrodos_lair_lostbears,
          grunt_megastairs_4
Lair:5:   layout_loops_ring, slime_altar_2, beast_lair_carwin_10,
          lemuel_fruit_tree
Lair:6:   evil_forest, layout_regular_city, serial_bayou_pond_a,
          serial_bayou_shore_b
Snake:1:  layout_onion, serial_shops, shop, st_stairs_6, grunt_megastairs_3
Snake:2:  layout_grid_maze
Orc:1:    layout_diamond_mine, basic_altar, guppyfry_orc_lava_fort
Orc:2:    grunt_orc_community_town_hall, layout_caves,
          grunt_orc_community_big_house_2, grunt_orc_community_big_house_1,
          grunt_orc_community_house_1, grunt_orc_community_house_3,
          grunt_orc_community_house_3, grunt_orc_community_house_1,
          grunt_orc_community_house_2, nicolae_shop_overcharged_wands,
          uniq_jorgrun, uniq_donald

Skill      XL: |  1  2  3  4  5  6  7  8  9 10 11 12 13 14 15 |
---------------+----------------------------------------------+-----
Unarmed Combat | 3 4 5 6 7 8 10 11 12 14 15 16 17 | 17.3
Fighting       | 2 3 4 6 7 8 9 |  9.3
Transmutations | 2 3 4 6 7 8 9 10 12 | 12.9
Spellcasting   | 4 5 7 8 |  8.1
Armour         | 1 2 5 6 7 |  7.1
Invocations    | 6 8 10 12 13 | 13.7
Ice Magic      | 3 5 |  5.5
Dodging        | |  1.7

Action                   |  1- 3 |  4- 6 |  7- 9 | 10-12 | 13-15 | 16-18 || total
-------------------------+-------+-------+-------+-------+-------+-------++-------
Melee: Unarmed           |   152 |   243 |   361 |   868 |  1285 |    57 ||  2966
       Punch             |     2 |     7 |    15 |    49 |    77 |     7 ||   157
       Headbutt          |     2 |     8 |    21 |     9 |       |       ||    40
       Kick              |     2 |    10 |    33 |     9 |       |       ||    54
       Tailslap          |       |       |       |    36 |   189 |    11 ||   236
Throw: Dart              |     9 |    17 |    40 |     2 |       |       ||    68
 Cast: Beastly Appendage |     2 |     5 |    15 |     5 |     1 |       ||    28
       Spider Form       |       |       |     6 |    16 |       |       ||    22
       Wereblood         |       |       |     1 |       |       |       ||     1
       Blade Hands       |       |       |       |    26 |    67 |     4 ||    97
       Ice Form          |       |       |       |       |    15 |       ||    15
Invok: Major Destruction |       |       |       |     2 |     5 |       ||     7
       Lesser Servant of |       |       |       |     1 |     4 |     2 ||     7
       Minor Destruction |       |       |       |     1 |     1 |       ||     2
 Abil: End Transformatio |       |       |       |       |     2 |       ||     2
Evoke: Wand              |       |       |     1 |    14 |     1 |       ||    16
  Use: Scroll            |       |     7 |       |    21 |     6 |     2 ||    36
       Potion            |       |       |     1 |     8 |     8 |     2 ||    19
 Stab: Sleeping          |       |     3 |    11 |     9 |    10 |     1 ||    34
       Paralysed         |       |       |     8 |    16 |    28 |       ||    52
       Distracted        |       |       |     1 |     1 |     1 |       ||     3
Armor: Robe              |    32 |    51 |    96 |   206 |    11 |       ||   396
       Skin              |       |       |     4 |    15 |    72 |       ||    91
       Quicksilver drago |       |       |       |    14 |   198 |       ||   212
       Acid dragon scale |       |       |       |       |   215 |    20 ||   235
Dodge: Dodged            |    80 |    91 |   139 |   387 |   605 |    21 ||  1323
Block: Other             |    13 |    32 |    35 |    93 |   154 |     3 ||   330

Table legend: (Time is in decaauts)
 A = Elapsed time spent in this place.
 B = Non-inter-level travel time spent in this place.
 C = Inter-level travel time spent in this place.
 D = Time resting spent in this place.
 E = Time spent auto-exploring this place.
 F = Levels seen in this place.
 G = Mean time per level.
                   A        B        C        D        E       F      G
               +--------+--------+--------+--------+--------+-----+--------+
         Total |  24944 |  23899 |   1045 |    380 |  17162 |  27 |  923.9 |
       Dungeon |  12882 |  12347 |    535 |    207 |   8872 |  13 |  990.9 |
        Temple |    329 |    272 |     57 |      0 |    243 |   1 |  329.0 |
          Lair |   6232 |   5914 |    318 |     25 |   4611 |   6 | 1038.7 |
     Snake Pit |   2272 |   2199 |     73 |      0 |   1719 |   2 | 1136.0 |
  Orcish Mines |   2218 |   2158 |     60 |     59 |   1468 |   2 | 1109.0 |
       Ossuary |    176 |    176 |      0 |     21 |      0 |   1 |  176.0 |
      Ice Cave |    563 |    563 |      0 |     22 |    248 |   1 |  563.0 |
       Volcano |    268 |    268 |      0 |     46 |      0 |   1 |  268.0 |
               +--------+--------+--------+--------+--------+-----+--------+

Top non-repeatable levels by time:
 Snake:1: 1788 daAuts
     D:3: 1704 daAuts
  Lair:6: 1554 daAuts
     D:1: 1390 daAuts
     D:6: 1357 daAuts
  Lair:3: 1229 daAuts
     D:4: 1214 daAuts
   Orc:1: 1125 daAuts
   Orc:2: 1093 daAuts
    D:12: 1055 daAuts
  Lair:4: 1037 daAuts
     D:8: 991 daAuts
     D:9: 882 daAuts
     D:7: 872 daAuts
  Lair:1: 862 daAuts
